 Dungeon Crawl Stone Soup version 0.29-a0-872-g797fff5ad1 (webtiles) character file.

Game seed: 12929418162480196667

212 mcwallace the Chiller (level 5, 0/38 HPs)
             Began as a Gnoll Ice Elementalist on July 19, 2022.
             Was an Initiate of Vehumet.
             Slain by Grinder (3 damage)
             ... on level 4 of the Dungeon.
             The game lasted 00:08:28 (3986 turns).

mcwallace the Chiller (Gnoll Ice Elementalist)      Turns: 3986, Time: 00:08:28

Health: 0/38       AC: 10    Str:  8    XL:     5   Next: 89%
Magic:  3/12       EV: 13    Int: 16    God:    Vehumet [......]
Gold:   171        SH:  0    Dex: 12    Spells: 7/14 levels left

rFire   . . .      SeeInvis .   f - +0 sling
rCold   . . .      Faith    .   (no shield)
rNeg    . . .      Spirit   .   r - +0 leather armour
rPois   .          Reflect  .   (no helmet)
rElec   .          Harm     .   (no cloak)
rCorr   .          Rampage  .   m - +0 pair of gloves
Will    .....                   o - +0 pair of boots
Stlth   ++........              (no amulet)
HPRegen 0.12/turn               (no ring)
MPRegen 0.13/turn               (no ring)

@: brilliant, ice-armoured
A: fangs 1, strong nose, distributed training
a: Renounce Religion


You were on level 4 of the Dungeon.
You worshipped Vehumet.
Vehumet was noncommittal.
You visited 1 branch of the dungeon, and saw 5 of its levels.

You collected 171 gold pieces.


Innate Abilities, Weirdness & Mutations

You have very sharp teeth.
Your uncanny sense of smell can sniff out nearby items.
Your experience applies equally to all skills.


   Skills:
 + Level 1.7 Fighting
 + Level 1.7 Short Blades
 + Level 1.7 Long Blades
 + Level 1.7 Axes
 + Level 1.7 Maces & Flails
 + Level 1.7 Polearms
 + Level 1.7 Staves
 + Level 1.7 Ranged Weapons
 + Level 1.7 Throwing
 + Level 1.7 Armour
 + Level 4.9 Dodging
 + Level 4.5 Stealth
 + Level 1.7 Shields
 + Level 1.7 Unarmed Combat
 + Level 5.3 Spellcasting
 + Level 1.3 Conjurations
 + Level 1.3 Hexes
 + Level 1.3 Summonings
 + Level 1.3 Necromancy
 + Level 1.3 Translocations
 + Level 1.3 Transmutations
 + Level 1.3 Fire Magic
 + Level 7.2 Ice Magic
 + Level 1.3 Air Magic
 + Level 1.3 Earth Magic
 + Level 1.3 Poison Magic
 + Level 2.0 Invocations
 + Level 1.7 Evocations


You had 7 spell levels left.
You knew the following spells:

 Your Spells              Type           Power      Damage    Failure   Level
a - Freeze                Ice            100%       1d11      1%          1
b - Frozen Ramparts       Ice            82%        1d10      3%          3
c - Ozocubu's Armour      Ice            41%        N/A       3%          3

Your spell library contained the following spells:

 Spells                   Type           Power      Damage    Failure   Level
 Tukima's Dance           Hex            13%        N/A       34%         3
 Hailstorm                Conj/Ice       27%        3d7       34%         4
 Leda's Liquefaction      Hex/Erth       6%         N/A       75%         4
 Passage of Golubria      Tloc           13%        N/A       75%         4
 Yara's Violent Unravell  Hex/Tmut       6%         3d5       97%         5
 Lehudib's Crystal Spear  Conj/Erth      6%         10d3      100%        8

Inventory:

Hand Weapons
 f - a +0 sling (weapon)
   (You found it on level 1 of the Dungeon)
 y - a +1 short sword of protection {short}
   (You took it off a kobold on level 3 of the Dungeon)
 A - a +1 short sword of holy wrath {short}
   (You took it off a kobold on level 4 of the Dungeon)
Missiles
 i - 29 stones {throwing}
Armour
 a - a +0 robe
 h - a +0 robe
   (You took it off Jessica on level 2 of the Dungeon)
 m - a +0 pair of gloves (worn)
   (You found it on level 1 of the Dungeon)
 n - a +0 ring mail
   (You found it on level 3 of the Dungeon)
 o - a +0 pair of boots (worn)
   (You found it on level 1 of the Dungeon)
 r - a +0 leather armour (worn)
   (You found it on level 2 of the Dungeon)
 v - a +0 scale mail
   (You found it on level 2 of the Dungeon)
 w - a +0 chain mail
   (You found it on level 3 of the Dungeon)
 B - a +0 robe
   (You found it on level 4 of the Dungeon)
Scrolls
 c - a scroll of noise {unknown}
 d - 3 scrolls of fog
 g - a scroll of poison {unknown}
 l - 3 scrolls of amnesia
 q - a scroll of vulnerability {unknown}
 s - a scroll of brand weapon {unknown}
 z - a scroll of teleportation {unknown}
Potions
 e - a potion of resistance {unknown}
 k - 2 potions of flight
 t - a potion of attraction {unknown}
 x - 2 potions of heal wounds {unknown}

Dungeon Overview and Level Annotations

Branches:
Dungeon (5/15) Zot: 25936
 Temple: D:4-7

Altars:
Vehumet

Annotations:
D:3 exclusion: statue
D:4 Grinder

##########
#######........####
#.........@.......#
###...#.#..5.###.##..#
#............# #.# #
#.###.#......# #.###.##
#.....#......###.....(#
#..##.#...........##..#
#..#..............>(.....
#...........#####.##(.###
#.###†#..#+## #.# .(#


You could see Grinder.


Message History

Throw: 32 stones {throwing}
Press: ? - help, Q - select action, (/) - cycle Shift-Dir - straight line, f - Grinder
Aim: Grinder (lightly wounded, 52% to hit)
You throw a stone {throwing}. The stone {throwing} hits Grinder.
Grinder blinks!
Throw: 31 stones {throwing}
Press: ? - help, Q - select action, (/) - cycle Shift-Dir - straight line, f/p - Grinder
Aim: Grinder (lightly wounded, 52% to hit)
You throw a stone {throwing}.
The stone {throwing} barely misses Grinder.
Throw: 30 stones {throwing}
Press: ? - help, Q - select action, (/) - cycle Shift-Dir - straight line, f/p - Grinder
Aim: Grinder (lightly wounded, 52% to hit)
You throw a stone {throwing}.
The stone {throwing} hits Grinder but does no damage.
Your +1 short sword of protection {short} goes still.
f - a +0 sling (weapon)
Fire: f) +0 sling
Press: ? - help, Q - select action, (/) - cycle Shift-Dir - straight line, f/p - Grinder
Aim: Grinder (lightly wounded, 47% to hit)
You shoot a sling bullet. The sling bullet hits Grinder!
Grinder blinks!
Grinder hits you.
You writhe in agony. 😮 HP[-11]
You take 11 damage, and now have 27/38 hp.
MASSIVE DAMAGE!! (PAUSE) Fire: f) +0 sling
Press: ? - help, Q - select action, (/) - cycle Shift-Dir - straight line, f/p - Grinder
Aim: Grinder (moderately wounded, 47% to hit)
You shoot a sling bullet.
The sling bullet closely misses Grinder.
Grinder gestures at you.
You suddenly lose the ability to move!
The frozen ramparts melt away.
Grinder hits you but does no damage. Grinder hits you!
* * * LOW HITPOINT WARNING * * *
You writhe in agony.
* * * LOW HITPOINT WARNING * * *
You can move again. 😨 HP[-11] MP[+1]
You take 11 damage, and now have 16/38 hp.
MASSIVE DAMAGE!! (PAUSE) Fire: f) +0 sling
Press: ? - help, Q - select action, (/) - cycle Shift-Dir - straight line, f/p - Grinder
Aim: Grinder (moderately wounded, 47% to hit)
You shoot a sling bullet. The sling bullet hits Grinder.
Grinder gestures at you.
You shrug off the repeated paralysis!
Casting: Frozen Ramparts (dangerous; 3% risk of failure)
Confirm with . or Enter, or press ? or * to list all spells.
Aiming: Freeze (safe; 1% risk of failure)
Press: ? - help, Shift-Dir - straight line, f/p - Grinder
Aim: Grinder (heavily wounded)
You freeze Grinder.
Grinder resists.
Grinder hits you but does no damage. 😨 MP[-1]
You lost 1 mp, and now have 6/12 mp.
Casting: Freeze (safe; 1% risk of failure)
Confirm with . or Enter, or press ? or * to list all spells.
Aiming: Freeze (safe; 1% risk of failure)
Press: ? - help, Shift-Dir - straight line, f/p - Grinder
Aim: Grinder (heavily wounded)
You freeze Grinder.
Grinder resists.
Grinder hits you but does no damage. 😨 HP[+1] MP[-1]
You lost 1 mp, and now have 5/12 mp.
Casting: Freeze (safe; 1% risk of failure)
Confirm with . or Enter, or press ? or * to list all spells.
Aiming: Freeze (safe; 1% risk of failure)
Press: ? - help, Shift-Dir - straight line, f/p - Grinder
Aim: Grinder (heavily wounded)
You freeze Grinder but do no damage.
Grinder completely resists.
Grinder hits you.
* * * LOW HITPOINT WARNING * * *
You writhe in agony.
* * * LOW HITPOINT WARNING * * *
😨 HP[-4] MP[-1]
You take 4 damage, and now have 13/38 hp.
You lost 1 mp, and now have 4/12 mp.
Casting: Freeze (safe; 1% risk of failure)
Confirm with . or Enter, or press ? or * to list all spells.
Aiming: Freeze (safe; 1% risk of failure)
Press: ? - help, Shift-Dir - straight line, f/p - Grinder
Aim: Grinder (heavily wounded)
You freeze Grinder.
Grinder resists.
Grinder misses you.
Casting: Freeze (safe; 1% risk of failure)
Confirm with . or Enter, or press ? or * to list all spells.
Aiming: Freeze (safe; 1% risk of failure)
Press: ? - help, Shift-Dir - straight line, f/p - Grinder
Aim: Grinder (heavily wounded)
You freeze Grinder but do no damage.
Grinder completely resists.
Grinder gestures at you. Pain shoots through your body!
* * * LOW HITPOINT WARNING * * *
😱 HP[-10] MP[-1]
You take 10 damage, and now have 3/38 hp.
MASSIVE DAMAGE!! (PAUSE)
You lost 1 mp, and now have 3/12 mp.
Okay, then.
It was a potion of brilliance.
You feel clever all of a sudden. Grinder hits you.
You die...

Skill      XL: |  1  2  3  4  5 |
---------------+----------------+-----
Spellcasting   | 5 |  5.3
Invocations    | 1 2 |  2.0
Fighting       | 1 |  1.7
Short Blades   | 1 |  1.7
Long Blades    | 1 |  1.7
Axes           | 1 |  1.7
Maces & Flails | 1 |  1.7
Polearms       | 1 |  1.7
Staves         | 1 |  1.7
Ranged Weapons | 1 |  1.7
Throwing       | 1 |  1.7
Armour         | 1 |  1.7
Shields        | 1 |  1.7
Unarmed Combat | 1 |  1.7
Evocations     | 1 |  1.7
Conjurations   | 1 |  1.3
Hexes          | 1 |  1.3
Summonings     | 1 |  1.3
Necromancy     | 1 |  1.3
Translocations | 1 |  1.3
Transmutations | 1 |  1.3
Fire Magic     | 1 |  1.3
Air Magic      | 1 |  1.3
Earth Magic    | 1 |  1.3
Poison Magic   | 1 |  1.3
Dodging        | |  4.9
Stealth        | |  4.5
Ice Magic      | |  7.2

Action                   |  1- 3 |  4- 6 || total
-------------------------+-------+-------++-------
Melee: Unarmed           |     4 |       ||     4
       Bite              |     1 |     2 ||     3
       Punch             |     1 |       ||     1
       Short sword       |       |    17 ||    17
 Fire: Sling             |    76 |   106 ||   182
Throw: Dart              |       |     8 ||     8
       Stone             |       |    10 ||    10
 Cast: Freeze            |     5 |    20 ||    25
       Frozen Ramparts   |       |    10 ||    10
       Ozocubu's Armour  |       |     3 ||     3
  Use: Scroll            |       |     4 ||     4
       Potion            |       |     6 ||     6
Armor: Robe              |     7 |       ||     7
       Leather armour    |       |    24 ||    24
Dodge: Dodged            |    28 |    35 ||    63

Levels and vault maps discovered:
D:1:      minmay_arrival_jagged, layout_loops_ring
D:2:      layout_basic, dreamdust_ecumenical_altar_drowned_temple, minivault_25,
          uniq_jessica
D:3:      layout_basic, vehumet_statue, chequers_serial_rivers_micro_d,
          serial_bayou_lagoon_a, minmay_misc_feat_enclosed, grunt_decor_clamped
D:4:      layout_basic, grunt_temple_overflow_open, minmay_misc_feat_cross,
          uniq_crazy_yiuf_cottage, uniq_grinder, uniq_ijyb
D:5:      layout_cave_pools, serial_bayou, serial_bayou_pond_c,
          serial_bayou_pond_b, serial_bayou_pond_d, serial_bayou_shore_b,
          uniq_pikel

Notes
Turn   | Place    | Note
-------+----------+-------------------------------------------
     0 | D:1      | mcwallace the Gnoll Ice Elementalist began the quest for
                  | the Orb.
     0 | D:1      | Reached XP level 1. HP: 13/13 MP: 6/6
     0 | D:1      | magus.rc [v1.9.6]
   363 | D:1      | You add the spells Tukima's Dance, Passage of Golubria and
                  | Yara's Violent Unravelling to your library.
   515 | D:1      | Reached XP level 2. HP: 19/19 MP: 7/7
   940 | D:2      | Reached skill level 5 in Spellcasting
   940 | D:2      | Reached XP level 3. HP: 25/25 MP: 5/9
   944 | D:2      | Learned a level 3 spell: Frozen Ramparts
   948 | D:2      | Learned a level 3 spell: Ozocubu's Armour
  1168 | D:2      | Found a faded altar of an unknown god.
  1214 | D:2      | Reached skill level 1 in Invocations
  1300 | D:2      | Reached skill level 1 in Fighting
  1300 | D:2      | Reached skill level 1 in Short Blades
  1300 | D:2      | Reached skill level 1 in Long Blades
  1300 | D:2      | Reached skill level 1 in Axes
  1300 | D:2      | Reached skill level 1 in Maces & Flails
  1300 | D:2      | Reached skill level 1 in Polearms
  1300 | D:2      | Reached skill level 1 in Staves
  1300 | D:2      | Reached skill level 1 in Ranged Weapons
  1300 | D:2      | Reached skill level 1 in Throwing
  1300 | D:2      | Reached skill level 1 in Armour
  1300 | D:2      | Reached skill level 1 in Shields
  1300 | D:2      | Reached skill level 1 in Unarmed Combat
  1300 | D:2      | Reached skill level 1 in Evocations
  1414 | D:2      | Reached XP level 4. HP: 27/32 MP: 9/11
  1530 | D:2      | You add the spells Leda's Liquefaction and Lehudib's
                  | Crystal Spear to your library.
  1530 | D:2      | Got Dispater's Opusculum on Battling and Terra Firma
  1548 | D:2      | Noticed Jessica
  1554 | D:2      | Killed Jessica
  1555 | D:2      | Reached skill level 1 in Conjurations
  1555 | D:2      | Reached skill level 1 in Hexes
  1555 | D:2      | Reached skill level 1 in Summonings
  1555 | D:2      | Reached skill level 1 in Necromancy
  1555 | D:2      | Reached skill level 1 in Translocations
  1555 | D:2      | Reached skill level 1 in Transmutations
  1555 | D:2      | Reached skill level 1 in Fire Magic
  1555 | D:2      | Reached skill level 1 in Air Magic
  1555 | D:2      | Reached skill level 1 in Earth Magic
  1555 | D:2      | Reached skill level 1 in Poison Magic
  2410 | D:3      | Found a radiant altar of Vehumet.
  2410 | D:3      | Noticed a frost-covered statue
  2638 | D:3      | Became a worshipper of Vehumet
  2900 | D:3      | Reached XP level 5. HP: 37/37 MP: 12/12
  3394 | D:4      | Noticed a phantom
  3417 | D:4      | Killed a phantom
  3418 | D:4      | Reached skill level 2 in Invocations
  3597 | D:4      | Noticed Grinder
  3598 | D:4      | Paralysed by Grinder for 4 turns
  3624 | D:4      | Paralysed by Grinder for 3 turns
  3634 | D:4      | HP: 8/38 [Grinder/nerve-wracking pain (10)]
  3646 | D:4      | HP: 6/38 [Grinder/nerve-wracking pain (13)]
  3656 | D:4      | HP: 9/38 [Grinder/nerve-wracking pain (5)]
  3661 | D:4      | HP: 9/38 [Grinder (1)]
  3665 | D:4      | HP: 3/38 [Grinder (3)]
  3665 | D:4      | HP: 1/38 [Grinder (2)]
  3679 | D:5      | Entered Level 5 of the Dungeon
  3977 | D:4      | Paralysed by Grinder for 3 turns
  3985 | D:4      | HP: 3/38 [Grinder/nerve-wracking pain (10)]
  3986 | D:4      | Slain by Grinder

Vanquished Creatures
  A phantom (D:4)
  Jessica (D:2)
  5 adders
  2 worms
  2 dart slugs
  4 bats
  4 endoplasms
  5 giant cockroaches
  6 goblins
  3 hobgoblins
  4 jackals
  7 kobolds
  4 ball pythons
  6 frilled lizards
  2 rats (D:2)
  A spectral hobgoblin (D:2)
57 creatures vanquished.

Vanquished Creatures (others)
  15 plants
15 creatures vanquished.

Grand Total: 72 creatures vanquished

Table legend:
 A = Non-vault XP
 B = Vault XP
 C = Vault XP percentage of total XP
 D = Non-vault monster count
 E = Vault monster count
 F = Vault count percentage of total count
                 A         B        C        D         E       F
            +---------+---------+-------+---------+---------+-------
      Total |     265 |      38 |  12.5 |      55 |       2 |   3.5
            +---------+---------+-------+---------+---------+-------
        D:1 |      18 |       0 |   0.0 |      12 |       0 |   0.0
        D:2 |      73 |      38 |  34.2 |      20 |       2 |   9.1
        D:3 |      57 |       0 |   0.0 |      17 |       0 |   0.0
        D:4 |     117 |       0 |   0.0 |       6 |       0 |   0.0
            +---------+---------+-------+---------+---------+-------

Illustrated notes

Table legend:
 A = Kills in this place as a percentage of kills in entire the game.
 B = Kills by you in this place as a percentage of kills by you in the entire game.
 C = Kills by friends in this place as a percentage of kills by friends in the entire game.
 D = Other kills in this place as a percentage of other kills in the entire game.
 E = Experience gained in this place as a percentage of experience gained in the entire game.
 F = Experience gained in this place divided by the number of levels of this place that you have seen.
                   A       B       C       D       E      F
               +-------+-------+-------+-------+-------+----------------------
         Total | 100.0 | 100.0 |   N/A |   N/A | 100.0 |  60.6
       Dungeon | 100.0 | 100.0 |   N/A |   N/A | 100.0 |  60.6
               +-------+-------+-------+-------+-------+----------------------

Table legend: (Time is in decaauts)
 A = Elapsed time spent in this place.
 B = Non-inter-level travel time spent in this place.
 C = Inter-level travel time spent in this place.
 D = Time resting spent in this place.
 E = Time spent auto-exploring this place.
 F = Levels seen in this place.
 G = Mean time per level.
                   A        B        C        D        E       F      G
               +--------+--------+--------+--------+--------+-----+--------+
         Total |   4062 |   3962 |    100 |    371 |   3040 |   5 |  812.4 |
       Dungeon |   4062 |   3962 |    100 |    371 |   3040 |   5 |  812.4 |
               +--------+--------+--------+--------+--------+-----+--------+

Top non-repeatable levels by time:
     D:3: 1364 daAuts
     D:2: 1170 daAuts
     D:1: 923 daAuts
     D:4: 314 daAuts
     D:5: 289 daAuts
